[Event "Titled Tuesday Blitz August 15 Late 2023"]
[White "Gubajdullin, Alexei"]
[Black "Cordova, Emilio"]
[WhiteFideId "4141202"]
[BlackFideId "3801497"]
[WhiteElo "2695"]
[BlackElo "2857"]
[Result "0-1"]
[Round "11"]
[TimeControl "180+1"]
[Date "2023.08.15"]
[WhiteClock "0:00:09"]
[BlackClock "0:00:18"]
[Board "18"]

1. d4 e6 2. Nf3 b6 3. Bf4 Bb7 4. e3 Nf6 5. Be2 Nc6 6. h3 Ne7 7. a4 Ng6 8. Bh2 a6 9. Nbd2 Be7 10. c3 O-O 11. O-O c5 12. Nc4 Ne4 13. a5 b5 14. Nb6 Ra7 15. d5 d6 16. c4 exd5 17. Nxd5 b4 18. Nxe7+ Qxe7 19. Qc2 f5 20. Rfd1 Rf6 21. Bf1 Bc6 22. Nd2 Nh4 23. Nxe4 Bxe4 24. Qd2 Rg6 25. Bg3 Bf3 26. Re1 Ba8 27. Kh2 Rd7 28. Rad1 Bc6 29. b3 h6 30. Qe2 Rxg3 31. fxg3 Ng6 32. Qh5 Qe6 33. Bd3 Rf7 34. Rf1 Ne7 35. Rde1 Kh7 36. Rf4 g6 37. Qe2 g5 38. Rf2 Kg7 39. Ref1 Qe5 40. e4 f4 41. gxf4 gxf4 42. Qg4+ Ng6 43. Kh1 h5 44. Qf3 h4 45. Qg4 Bd7 46. Qf3 Qg5 47. e5 Nxe5 48. Qe4 Bf5 49. Qxf4 Qxf4 50. Rxf4 Bxd3 51. Rxf7+ Nxf7 52. Rf4 Bc2 53. Rg4+ Kf8 54. Rxh4 Bxb3 55. Re4 Bc2 56. Re2 b3 57. Re1 b2 58. h4 b1=Q 59. Rxb1 Bxb1 60. h5 Bd3 61. h6 Nxh6 62. g4 Bxc4 63. g5 Nf5 64. g6 Bd5+ 65. Kg1 Bf3 66. g7+ Kxg7 67. Kf2 Bg4 68. Ke1 d5 69. Kd2 d4 70. Kc2 c4 71. Kd2 Kf6 72. Kc2 Ke5 73. Kd2 Ke4 74. Kc2 Ke3 75. Kc1 Kd3 76. Kb2 Kd2 77. Ka3 c3 78. Kb4 c2 79. Kc5 c1=Q+ 80. Kb6 Nd6 81. Ka7 Qc7+ 82. Ka8 Qb7# 0-1


[Site "https://www.chess.com"]

[Event "Titled Tuesday Blitz August 15 Late 2023"]
[White "Rastbod, Ali"]
[Black "Klukin, Kirill"]
[WhiteFideId "12567477"]
[BlackFideId "24199273"]
[WhiteElo "2687"]
[BlackElo "2826"]
[Result "0-1"]
[Round "11"]
[TimeControl "180+1"]
[Date "2023.08.15"]
[WhiteClock "0:00:00"]
[BlackClock "0:00:07"]
[Board "19"]

1. d4 Nf6 2. Nf3 e6 3. c3 b6 4. Bf4 Bb7 5. e3 d5 6. Bb5+ c6 7. Bd3 Bd6 8. Nbd2 Qc7 9. Bxd6 Qxd6 10. Ne5 Nbd7 11. f4 c5 12. Qf3 a6 13. a4 Qc7 14. g4 Nxe5 15. fxe5 Nd7 16. O-O f6 17. exf6 gxf6 18. g5 O-O-O 19. gxf6 Rdf8 20. f7 e5 21. Bf5 Rxf7 22. Qh3 Kb8 23. Bxd7 Rxd7 24. Nf3 Rg7+ 25. Kh1 Bc8 26. Qh4 Bf5 27. Nd2 Bd3 28. Rg1 Rhg8 29. Qf6 exd4 30. Rxg7 Rxg7 31. exd4 c4 32. a5 Rg6 33. Qf8+ Qc8 34. Qf4+ Qc7 35. Qf8+ Kb7 36. Re1 Rg7 37. axb6 Qf7 38. Qd6 Be4+ 39. Rxe4 dxe4 40. d5 Qg6 0-1


[Site "https://www.chess.com"]

[Event "Titled Tuesday Blitz August 15 Late 2023"]
[White "Valenzuela Gomez, Fernando"]
[Black "Mekhitarian, Krikor Sevag"]
[WhiteFideId "3409392"]
[BlackFideId "2107660"]
[WhiteElo "2642"]
[BlackElo "2797"]
[Result "0-1"]
[Round "11"]
[TimeControl "180+1"]
[Date "2023.08.15"]
[WhiteClock "0:00:00"]
[BlackClock "0:00:06"]
[Board "20"]

1. Nf3 d5 2. g3 Nc6 3. d4 Bf5 4. Bg2 Nb4 5. Na3 e6 6. O-O Be7 7. Ne5 Nf6 8. c3 Nc6 9. Qa4 O-O 10. Nxc6 bxc6 11. Qxc6 Rb8 12. Qa4 h5 13. Nb1 h4 14. Nd2 h3 15. Bh1 c5 16. Nf3 Ne4 17. Ne5 Bd6 18. f3 Nf6 19. Qd1 Qc7 20. f4 Ne4 21. e3 Rfc8 22. Bf3 f6 23. Nd3 a5 24. Nf2 cxd4 25. exd4 Qc6 26. Nd3 a4 27. g4 Bh7 28. f5 exf5 29. gxf5 Bxf5 30. Bg4 Bg6 31. Be6+ Bf7 32. Bxf7+ Kxf7 33. Qh5+ Kg8 34. Qxh3 Re8 35. Bf4 a3 36. Bxd6 Qxd6 37. bxa3 Nxc3 38. Rac1 Ne2+ 39. Kh1 Nxc1 40. Rxc1 Qxa3 41. Rg1 Qe7 42. Nc5 Qf7 43. Qg4 Rb2 44. Nd7 Ree2 45. Nxf6+ Qxf6 46. Qc8+ Qf8 47. Rxg7+ Kxg7 48. Qg4+ Kh7 49. Qh5+ Qh6 50. Qf5+ Kg7 51. Qg4+ Qg6 52. Qd7+ Qf7 53. Qg4+ Kf8 54. Qc8+ Re8 55. Qc5+ Kg8 56. Qf8+ Rxf8 0-1


[Site "https://www.chess.com"]

[Event "Titled Tuesday Blitz August 15 Late 2023"]
[White "Tristan, Leonardo"]
[Black "Altman, Joshua"]
[WhiteFideId "113816"]
[BlackFideId "426210"]
[WhiteElo "2790"]
[BlackElo "2609"]
[Result "1-0"]
[Round "11"]
[TimeControl "180+1"]
[Date "2023.08.15"]
[WhiteClock "0:00:13"]
[BlackClock "0:00:04"]
[Board "21"]

1. d4 Nf6 2. Nf3 e6 3. Bf4 b6 4. e3 Bb7 5. Nbd2 Be7 6. h3 O-O 7. Bd3 c5 8. c3 cxd4 9. exd4 d6 10. O-O Nbd7 11. Bh2 h6 12. a4 a6 13. Re1 Re8 14. Nc4 Qc7 15. Ne3 Bf8 16. Nd2 e5 17. dxe5 dxe5 18. Bf1 Rad8 19. Qc2 Qc6 20. Ndc4 Bc5 21. b4 Bf8 22. Red1 Qc8 23. Nd6 Bxd6 24. Rxd6 Ne4 25. Rd3 Ndf6 26. Rxd8 Qxd8 27. Rd1 Qc8 28. c4 a5 29. bxa5 bxa5 30. Qb2 Nd7 31. Ng4 f6 32. Ne3 Ndc5 33. Nd5 Nxa4 34. Qa3 Nac5 35. Qxa5 Bxd5 36. cxd5 Nb7 37. Qe1 Ned6 38. Rc1 Qd7 39. Rc6 Rc8 40. Qc3 Nd8 41. Rc5 Ne4 42. Rxc8 Nxc3 43. Rxc3 Nf7 44. Rd3 Nd6 45. Bg3 Qc7 46. f3 Qc5+ 47. Bf2 Qc2 48. Ra3 f5 49. Ra6 Qc7 50. Rc6 Qd7 51. Bc5 Nf7 52. Bc4 e4 53. f4 g5 54. g3 gxf4 55. gxf4 Qb7 56. Kf2 Qb2+ 57. Be2 Qc3 58. Be3 Qg7 59. Rc8+ Kh7 60. Rc7 Qf6 61. d6 Kg8 62. Bc4 Qxd6 63. Rxf7 Qg6 64. Rf6+ Kg7 65. Rxg6+ Kxg6 66. Kg3 h5 67. Kh4 1-0


[Site "https://www.chess.com"]

[Event "Titled Tuesday Blitz August 15 Late 2023"]
[White "Yanchenko, Roman"]
[Black "Isajevsky, Anton"]
[WhiteFideId "4137329"]
[BlackFideId "4142500"]
[WhiteElo "2782"]
[BlackElo "2605"]
[Result "1-0"]
[Round "11"]
[TimeControl "180+1"]
[Date "2023.08.15"]
[WhiteClock "0:00:22"]
[BlackClock "0:00:00"]
[Board "22"]

1. d4 d5 2. Nf3 Nf6 3. c4 e6 4. Nc3 Be7 5. Bg5 h6 6. Bh4 O-O 7. e3 b6 8. cxd5 Nxd5 9. Bxe7 Qxe7 10. Rc1 Nxc3 11. Rxc3 Bb7 12. Be2 Rc8 13. Qc2 c5 14. dxc5 Rxc5 15. Rxc5 Qxc5 16. Qxc5 bxc5 17. O-O Nd7 18. Rc1 Rc8 19. Nd2 Kf8 20. Bb5 Bc6 21. Ba6 Rc7 22. Nb3 Bd5 23. Na5 Ke7 24. f3 f5 25. Kf2 g5 26. Be2 Nb6 27. b3 Kd6 28. Rd1 Ke5 29. Rc1 Kd6 30. g3 h5 31. Bd3 Ke5 32. f4+ Kf6 33. h4 gxh4 34. gxh4 Rg7 35. Bf1 Rc7 36. Be2 Rg7 37. Bf1 Rc7 38. Rc3 Nd7 39. Be2 Kg6 40. Rc1 Nf6 41. Rg1+ Ng4+ 42. Ke1 Kf6 43. Bxg4 fxg4 44. Kf2 Kf5 45. Rc1 e5 46. fxe5 Kxe5 47. Nc4+ Bxc4 48. Rxc4 Rf7+ 49. Kg2 Kd5 50. e4+ Kd6 51. b4 cxb4 52. Rxb4 Ke5 53. Ra4 Kf4 54. Ra5 Kxe4 55. Rxh5 Rb7 56. Ra5 Kf4 57. Ra4+ Kf5 58. Kg3 1-0


[Site "https://www.chess.com"]

[Event "Titled Tuesday Blitz August 15 Late 2023"]
[White "Rustemov, Alexander"]
[Black "RrainlessBobot"]
[WhiteFideId "4119002"]
[WhiteElo "2760"]
[BlackElo "2564"]
[Result "0-1"]
[Round "11"]
[TimeControl "180+1"]
[Date "2023.08.15"]
[WhiteClock "0:00:27"]
[BlackClock "0:00:27"]
[Board "23"]

1. d4 d5 2. c4 e5 3. dxe5 Ne7 4. Nf3 Nbc6 5. a3 Bg4 6. Nbd2 dxc4 7. Qa4 Bxf3 8. Nxf3 Qd5 9. g3 b5 10. Qc2 Nd4 11. Qd1 Nxf3+ 12. exf3 Qxe5+ 13. Be2 Rd8 14. Qc2 Nf5 15. f4 Nd4 16. Qxc4 Qe4 17. f3 Nxf3+ 18. Kf2 bxc4 19. Bxf3 Bc5+ 20. Kg2 Qc2+ 21. Kh3 O-O 22. Rf1 Qd3 23. Kg2 Rfe8 24. g4 Re2+ 25. Kg3 Rxh2 26. Rd1 Rh3+ 0-1


[Site "https://www.chess.com"]

[Event "Titled Tuesday Blitz August 15 Late 2023"]
[White "Morefield, Jason"]
[Black "Francisco Guecamburu, Candela Be"]
[WhiteFideId "30920825"]
[BlackFideId "160911"]
[WhiteElo "2737"]
[BlackElo "2563"]
[Result "1-0"]
[Round "11"]
[TimeControl "180+1"]
[Date "2023.08.15"]
[WhiteClock "0:00:07"]
[BlackClock "0:00:03"]
[Board "24"]

1. e4 c5 2. Nf3 g6 3. d4 cxd4 4. Nxd4 Bg7 5. c4 Nc6 6. Be3 Nf6 7. Nc3 d6 8. Be2 O-O 9. O-O Nxd4 10. Bxd4 Bd7 11. f4 Bc6 12. Qd3 Nd7 13. Kh1 Bxd4 14. Qxd4 Qb6 15. Qd2 Nc5 16. Bf3 Qb4 17. b3 b5 18. cxb5 Bxb5 19. a3 Nxb3 20. axb4 Nxd2 21. Nxb5 Nxf1 22. Rxf1 a6 23. Nc3 Rab8 24. Nd5 Kg7 25. Nxe7 Rxb4 26. Nd5 Rb2 27. h4 Rfb8 28. Kh2 Rb1 29. Bd1 Rc1 30. Ne3 Rb2 31. Rf3 Rb4 32. Bc2 Rd4 33. Rf2 a5 34. f5 f6 35. fxg6 hxg6 36. Nd5 f5 37. Nf4 Rc4 38. Bd3 R4c3 39. exf5 gxf5 40. Bxf5 a4 41. Ne6+ Kf6 42. Bg4+ Ke5 43. Ng5 Kd4 44. Rf4+ Ke5 45. Rxa4 Rc4 46. Nf3+ Kf6 47. Rxc4 Rxc4 48. Kg3 d5 49. Kf2 Rc3 50. g3 Rb3 51. Bh3 d4 52. Nxd4 Rb2+ 53. Ne2 Rc2 54. Bg4 Rb2 55. Bf3 Rb3 56. Kg2 Ra3 57. g4 Ra2 58. Kg3 Ra4 59. Nf4 Kg7 60. g5 Ra3 61. Kg4 Ra5 62. h5 Ra4 63. h6+ Kg8 64. Kf5 Ra5+ 65. Bd5+ Kh7 66. Kf6 Ra6+ 67. Ne6 Rd6 68. Be4+ Kh8 69. g6 Rd7 70. g7+ Rxg7 71. hxg7+ Kg8 72. Bd5 Kh7 73. Ng5+ Kh6 74. g8=Q 1-0


[Site "https://www.chess.com"]

[Event "Titled Tuesday Blitz August 15 Late 2023"]
[White "Matinian, Nikita"]
[Black "Dragomirescu, Robin-Alexandru"]
[WhiteFideId "24129100"]
[BlackFideId "1213849"]
[WhiteElo "2715"]
[BlackElo "2551"]
[Result "1-0"]
[Round "11"]
[TimeControl "180+1"]
[Date "2023.08.15"]
[WhiteClock "0:01:00"]
[BlackClock "0:00:30"]
[Board "25"]

1. e4 g6 2. d4 Nf6 3. e5 Nh5 4. Be2 d6 5. Bxh5 gxh5 6. Qxh5 dxe5 7. Qxe5 Rg8 8. Ne2 Nc6 9. Qe4 f5 10. Qd3 Rxg2 11. Be3 e5 12. Nbc3 f4 13. O-O-O fxe3 14. Qe4 Qg5 15. f4 Qg6 16. Qxe3 Bg4 17. dxe5 Nb4 18. Rd2 Qb6 19. Qe4 Rf2 20. Rhd1 Rxe2 21. Rxe2 Bxe2 22. Qxe2 Rd8 23. a3 Rxd1+ 24. Qxd1 Qe3+ 25. Kb1 Nc6 26. Nd5 Qc5 27. Nxc7+ Ke7 28. Qh5 Nd4 29. Qe8# 1-0


[Site "https://www.chess.com"]

[Event "Titled Tuesday Blitz August 15 Late 2023"]
[White "Grebeniuk, Semen"]
[Black "Volovich, Vasily"]
[WhiteFideId "14117509"]
[BlackFideId "34169676"]
[WhiteElo "2544"]
[BlackElo "2709"]
[Result "1-0"]
[Round "11"]
[TimeControl "180+1"]
[Date "2023.08.15"]
[WhiteClock "0:01:02"]
[BlackClock "0:00:00"]
[Board "26"]

1. d4 Nf6 2. Nf3 e6 3. Bg5 d5 4. e3 c5 5. Nbd2 Nc6 6. c3 h6 7. Bh4 Qb6 8. Bxf6 gxf6 9. Be2 Qxb2 10. O-O Qxc3 11. Rc1 Qa3 12. dxc5 Bxc5 13. e4 O-O 14. exd5 exd5 15. Nb3 Be7 16. Qxd5 Qxa2 17. Bc4 Be6 18. Qh5 Bxc4 19. Rxc4 Qxb3 20. Rg4+ Kh7 21. Rh4 Qe3 22. fxe3 1-0


[Site "https://www.chess.com"]

[Event "Titled Tuesday Blitz August 15 Late 2023"]
[White "Bazilius, Augustinas"]
[Black "Dourerassou, Jonathan"]
[WhiteFideId "12832251"]
[BlackFideId "628050"]
[WhiteElo "2504"]
[BlackElo "2706"]
[Result "1-0"]
[Round "11"]
[TimeControl "180+1"]
[Date "2023.08.15"]
[WhiteClock "0:00:08"]
[BlackClock "0:00:02"]
[Board "27"]

1. e4 c5 2. g3 d5 3. Bg2 dxe4 4. Bxe4 Nf6 5. Bg2 Nc6 6. Ne2 Bg4 7. h3 Bf5 8. O-O Qd7 9. Kh2 h5 10. d3 e5 11. Nbc3 Bd6 12. Bg5 O-O-O 13. Bxf6 gxf6 14. Nd5 Qe6 15. Re1 h4 16. Nef4 hxg3+ 17. fxg3 exf4 18. Rxe6 fxg3+ 19. Kg1 fxe6 20. Ne3 Bxh3 21. Bxc6 bxc6 22. Qf3 Kc7 23. Nc4 Be7 24. Na5 Rd5 25. c4 Rd6 26. b4 cxb4 27. Qe3 Kb8 28. a3 Bf5 29. axb4 g2 30. Nxc6+ Rxc6 31. Qxa7+ Kc8 32. Qa8+ Kd7 33. Ra7+ Rc7 34. Rxc7+ Kxc7 35. Qxh8 Bxb4 36. Qxf6 Bd6 37. d4 Be4 38. c5 Bd5 39. cxd6+ Kxd6 40. Qg5 Kc6 41. Kf2 Kd6 42. Ke3 Kc6 43. Kd2 Kb5 44. Kc3 Kc6 45. Kb4 Kb6 46. Qg6 Kc6 47. Ka5 Kc7 48. Kb5 Kd6 49. Qg3+ Kd7 50. Kc5 Ke7 51. Qg7+ Kd8 52. Kd6 Kc8 53. Qc7# 1-0


[Site "https://www.chess.com"]

[Event "Titled Tuesday Blitz August 15 Late 2023"]
[White "Nanu, Costica-Ciprian"]
[Black "Hambleton, Aman"]
[WhiteFideId "1204580"]
[BlackFideId "2606577"]
[WhiteElo "2560"]
[BlackElo "2780"]
[Result "0-1"]
[Round "11"]
[TimeControl "180+1"]
[Date "2023.08.15"]
[WhiteClock "0:00:10"]
[BlackClock "0:00:05"]
[Board "29"]

1. e4 c5 2. Nf3 e6 3. Nc3 a6 4. d4 cxd4 5. Nxd4 Qc7 6. Qd3 Nc6 7. Nxc6 Qxc6 8. Bf4 b5 9. O-O-O Bb7 10. Kb1 Nf6 11. e5 Nd5 12. Nxd5 Qxd5 13. Qe2 Qe4 14. Qd2 Bd5 15. f3 Qa4 16. b3 Qa3 17. c4 Bc6 18. Qb2 Qa5 19. Be2 Ba3 20. Qd2 Bb4 21. Qc2 bxc4 22. Bxc4 Qb6 23. Bd2 Be7 24. Ka1 a5 25. Qc3 Bb4 26. Qc2 Qd4+ 27. Kb1 Bxd2 28. Qxd2 Qxe5 29. Rhe1 Qc5 30. Rc1 Qf5+ 31. Bd3 Qf6 32. Be4 Bxe4+ 33. Rxe4 d5 34. Qxd5 O-O 35. Qd4 Qg6 36. g4 a4 37. b4 a3 38. Rd1 h6 39. Ka1 Rab8 40. h4 Kh7 41. h5 Qg5 42. Qd3 Kg8 43. Rd4 Rfc8 44. Kb1 Qe7 45. Qxa3 Rb7 46. Qb3 Rcb8 47. a3 Rc7 48. Kb2 Rbc8 49. Qc3 Rxc3 50. Rd7 Rc2+ 51. Kb3 Qf6 52. g5 Qc3+ 53. Ka4 Ra8+ 54. Kb5 Qc6# 0-1


[Site "https://www.chess.com"]

[Event "Titled Tuesday Blitz August 15 Late 2023"]
[White "Grossboss19"]
[Black "Troff, Kayden"]
[BlackFideId "2047896"]
[WhiteElo "2559"]
[BlackElo "2749"]
[Result "0-1"]
[Round "11"]
[TimeControl "180+1"]
[Date "2023.08.15"]
[WhiteClock "0:00:00"]
[BlackClock "0:00:12"]
[Board "30"]

1. c4 Nf6 2. Nc3 g6 3. e4 e5 4. Nf3 Bg7 5. Nxe5 O-O 6. Nf3 Nxe4 7. Nxe4 Re8 8. d3 f5 9. Be2 fxe4 10. dxe4 d6 11. O-O Nc6 12. Ng5 Qf6 13. Qd5+ Be6 14. Nxe6 Qxe6 15. f3 a5 16. Rb1 a4 17. Be3 Nb4 18. Qxe6+ Rxe6 19. a3 Nc2 20. Bf2 Nd4 21. Bd1 c5 22. Re1 Kh8 23. Re3 b5 24. cxb5 Nxb5 25. Rd3 Rb8 26. Bc2 Re7 27. Kf1 Ra7 28. h4 Rab7 29. Ke2 c4 30. Rd5 c3 31. Bxa4 Nxa3 32. bxa3 Rxb1 33. Bc2 R1b2 34. Kd3 Rxc2 35. Kxc2 Rb2+ 36. Kd3 Rxf2 37. Rxd6 Rd2+ 0-1


[Site "https://www.chess.com"]

[Event "Titled Tuesday Blitz August 15 Late 2023"]
[White "Bilan, Danila"]
[Black "Ghazarian, Kirk"]
[WhiteFideId "24161918"]
[BlackFideId "30908604"]
[WhiteElo "2551"]
[BlackElo "2744"]
[Result "1/2-1/2"]
[Round "11"]
[TimeControl "180+1"]
[Date "2023.08.15"]
[WhiteClock "0:00:06"]
[BlackClock "0:00:06"]
[Board "31"]

1. d4 d5 2. Nf3 Nf6 3. c4 e6 4. Nc3 a6 5. cxd5 exd5 6. Bg5 Be7 7. e3 O-O 8. Bd3 h6 9. Bh4 c6 10. Qc2 Be6 11. O-O Nbd7 12. Rae1 Re8 13. a3 a5 14. h3 Qb8 15. Ne2 Bd6 16. Bg3 Bxg3 17. Nxg3 Qd6 18. Nd2 Nb6 19. Nb3 Nbd7 20. Nc5 Nxc5 21. dxc5 Qe7 22. b4 axb4 23. axb4 Qd7 24. Ne2 Qc7 25. Nd4 Nd7 26. Ra1 Reb8 27. Qc3 Rc8 28. Rxa8 Rxa8 29. Ra1 Qb8 30. Nb3 Ra7 31. Ra5 Rxa5 32. Nxa5 Qc7 33. f4 Nf6 34. Qe5 Qxe5 35. fxe5 Nd7 36. Nxb7 Nxe5 37. Be2 Kf8 38. Na5 Ke7 39. Kf2 Kd7 40. Ke1 Kc7 41. Kd2 g5 42. Kc3 Nd7 43. Kd4 f6 44. Bg4 Bxg4 45. hxg4 Ne5 46. e4 dxe4 47. Kxe4 Nxg4 48. Nc4 Nf2+ 49. Kf5 Nd3 50. Kxf6 Nxb4 51. Ne5 Na6 52. Nd3 Kd7 53. Ne5+ Kc7 54. Nd3 Kd7 55. Ne5+ Kc7 1/2-1/2


[Site "https://www.chess.com"]

[Event "Titled Tuesday Blitz August 15 Late 2023"]
[White "Musovic, Armin"]
[Black "Haydon, David L"]
[WhiteFideId "939935"]
[BlackFideId "415405"]
[WhiteElo "2549"]
[BlackElo "2738"]
[Result "0-1"]
[Round "11"]
[TimeControl "180+1"]
[Date "2023.08.15"]
[WhiteClock "0:01:51"]
[BlackClock "0:01:12"]
[Board "32"]

1. a3 Nf6 2. Nc3 g6 3. e4 Bg7 4. e5 Ng8 5. d4 d6 6. f4 c6 7. Nf3 d5 8. h3 h5 9. Bd3 Nh6 10. Be3 Bf5 11. Qe2 Bxd3 12. Qxd3 Nf5 13. Bf2 h4 14. O-O-O e6 15. Kb1 Nd7 16. Ne2 Rc8 17. c4 dxc4 18. Qxc4 Nb6 19. Qb3 Qd5 20. Qc2 Qb5 21. Nc3 Qc4 22. Nd2 Qa6 23. Nde4 O-O 24. Nc5 Qa5 25. Be1 Nxd4 26. Nd5 cxd5 27. Qf2 Qxc5 28. Rxd4 Qc1+ 29. Ka2 Rc2 30. Bc3 Qxb2+ 31. Bxb2 Rxf2 32. Kb3 Nc4 33. Bc1 Rxg2 34. Rf1 Rc8 35. Ka4 a6 36. Kb3 Bf8 37. Rd3 b5 38. a4 Na5# 0-1


[Site "https://www.chess.com"]

[Event "Titled Tuesday Blitz August 15 Late 2023"]
[White "Djordjevic, Vuk"]
[Black "Sreyas Payyappat"]
[WhiteFideId "902098"]
[BlackFideId "46674969"]
[WhiteElo "2703"]
[BlackElo "2547"]
[Result "1-0"]
[Round "11"]
[TimeControl "180+1"]
[Date "2023.08.15"]
[WhiteClock "0:00:04"]
[BlackClock "0:00:09"]
[Board "33"]

1. d4 Nf6 2. Bg5 c5 3. Bxf6 exf6 4. Nc3 d5 5. e3 Nc6 6. Nge2 Be6 7. Qd2 c4 8. g3 Qa5 9. Bg2 O-O-O 10. O-O h5 11. a3 h4 12. b4 Qc7 13. Nf4 Ne7 14. b5 g5 15. Nxe6 fxe6 16. a4 Nf5 17. b6 axb6 18. Nb5 Qh7 19. g4 h3 20. Bh1 Nd6 21. Rfb1 Ne4 22. Qe1 f5 23. f3 Nd6 24. Na7+ Kb8 25. Rxb6 Kxa7 26. Qa5+ Kb8 27. Ra6 bxa6 28. Qxd8+ Ka7 29. Rb1 Nb7 30. Qb6+ Kb8 31. Qd8+ Ka7 32. Qb6+ Ka8 33. gxf5 Bd6 34. Qxa6+ Kb8 35. Qxd6+ Qc7 36. Qxe6 Rh7 37. f4 gxf4 38. Bxd5 Qa5 39. Qg8+ Ka7 40. Qxh7 1-0


[Site "https://www.chess.com"]

[Event "Titled Tuesday Blitz August 15 Late 2023"]
[White "MFatigue"]
[Black "Papasimakopoulos, Alexandros"]
[BlackFideId "4244125"]
[WhiteElo "2513"]
[BlackElo "2697"]
[Result "1-0"]
[Round "11"]
[TimeControl "180+1"]
[Date "2023.08.15"]
[WhiteClock "0:01:19"]
[BlackClock "0:01:46"]
[Board "34"]

1. e4 f6 2. d4 c6 3. Nc3 b5 4. Nf3 b4 5. Ne2 a5 6. Ng3 g6 7. h4 Bg7 8. Bd3 Ba6 9. h5 d6 10. hxg6 hxg6 11. Rxh8 Bxh8 12. Nh4 Bxd3 13. cxd3 g5 14. Qh5+ Kd7 15. Nhf5 e6 16. Qxh8 exf5 17. Nxf5 Kc7 18. Be3 Nd7 19. Qh2 Qf8 20. Rc1 a4 21. d5 Ra6 22. Nd4 Ne5 23. Ne6+ 1-0


[Site "https://www.chess.com"]

[Event "Titled Tuesday Blitz August 15 Late 2023"]
[White "Kirillov, Dmitry"]
[Black "Korchmar, Vasiliy"]
[WhiteFideId "34180572"]
[BlackFideId "24131750"]
[WhiteElo "2495"]
[BlackElo "2681"]
[Result "1-0"]
[Round "11"]
[TimeControl "180+1"]
[Date "2023.08.15"]
[WhiteClock "0:00:11"]
[BlackClock "0:00:00"]
[Board "35"]

1. d4 d5 2. c4 c6 3. Nf3 Nf6 4. e3 e6 5. Bd3 Bb4+ 6. Nbd2 Ne4 7. O-O f5 8. Ne5 Nd7 9. Qh5+ g6 10. Nxg6 Ndf6 11. Qh6 Rg8 12. Ne5 Nxd2 13. a3 Ba5 14. b4 Nb3 15. bxa5 Nxa1 16. Be2 Qe7 17. Bh5+ Nxh5 18. Qxh5+ Kd8 19. Bd2 Nc2 20. e4 Nxd4 21. Nf7+ Kd7 22. Ne5+ Kd8 23. Nf7+ Kc7 24. Bf4+ e5 25. Bxe5+ Kd7 26. Bxd4 Qxe4 27. Ne5+ Kd8 28. Nf3 Be6 29. Bf6+ Kc7 30. Qxh7+ Bd7 31. Be5+ Kc8 32. Qxg8+ 1-0


[Site "https://www.chess.com"]

[Event "Titled Tuesday Blitz August 15 Late 2023"]
[White "Soderstrom, Adrian"]
[Black "Hristodoulou, Panagiotis"]
[WhiteFideId "1745786"]
[BlackFideId "4214340"]
[WhiteElo "2610"]
[BlackElo "2517"]
[Result "1-0"]
[Round "11"]
[TimeControl "180+1"]
[Date "2023.08.15"]
[WhiteClock "0:01:35"]
[BlackClock "0:00:00"]
[Board "36"]

1. h4 d5 2. d4 Nf6 3. Nc3 c5 4. e4 Nxe4 5. Nxe4 dxe4 6. d5 a6 7. a4 e6 8. Bc4 exd5 9. Bxd5 Be7 10. Bg5 O-O 11. Bxe4 Re8 12. Qxd8 Bxd8 13. O-O-O Bc7 14. f3 Nd7 15. Bxb7 Bxb7 16. Rxd7 Rac8 17. Nh3 Bc6 18. Rd2 Bxa4 19. Bf4 Ba5 20. c3 Bb3 21. Ng5 f5 22. g4 h6 23. Nh3 Be6 24. g5 h5 25. Bd6 c4 26. Nf4 Bc7 27. Re1 Bxd6 28. Nxe6 Rxe6 29. Rxe6 Bf4 30. Kc2 Bxd2 31. Kxd2 Rd8+ 32. Kc2 Rd3 33. g6 Kf8 34. f4 Rf3 35. Rxa6 Rxf4 36. Ra7 Rxh4 37. Rf7+ Ke8 38. Rxf5 Rh2+ 39. Kb1 Rg2 40. Rxh5 Rxg6 41. Rc5 Rg4 42. Ka2 Ke7 43. Ka3 Kf6 44. Kb4 g5 45. Rxc4 Rxc4+ 46. Kxc4 Ke5 47. Kd3 Kf4 48. Ke2 Kg3 49. b4 g4 50. b5 1-0


[Site "https://www.chess.com"]

[Event "Titled Tuesday Blitz August 15 Late 2023"]
[White "Balla, Tamas-Kristof"]
[Black "Leenhouts, Koen"]
[WhiteFideId "1208497"]
[BlackFideId "1008439"]
[WhiteElo "2441"]
[BlackElo "2579"]
[Result "0-1"]
[Round "11"]
[TimeControl "180+1"]
[Date "2023.08.15"]
[WhiteClock "0:00:02"]
[BlackClock "0:00:16"]
[Board "37"]

1. e4 c5 2. c3 g6 3. d4 cxd4 4. cxd4 Bg7 5. Nc3 d6 6. h3 Nf6 7. Nf3 O-O 8. Be3 Nc6 9. Be2 Bd7 10. O-O Rc8 11. Qd2 Na5 12. Bh6 Nc4 13. Bxc4 Rxc4 14. Bxg7 Kxg7 15. e5 Ne8 16. Rfe1 Be6 17. d5 Bc8 18. Rad1 a6 19. Qd3 b5 20. a4 Bf5 21. Qe2 Qb6 22. axb5 axb5 23. exd6 Nxd6 24. Qe5+ Kg8 25. Nd4 b4 26. Nxf5 Nxf5 27. Ne4 Rc2 28. Rd2 Rxd2 29. Nxd2 Rd8 30. Ne4 f6 31. Qf4 Rxd5 32. Ng3 Nxg3 33. Qxg3 Qd6 34. Qb3 Kg7 35. g3 e5 36. Rc1 Rd4 37. Qa4 h5 38. Qa7+ Kh6 39. Rc7 Qd5 40. Rc1 Rd1+ 41. Rxd1 Qxd1+ 42. Kh2 Qd4 43. Qb8 Qxf2+ 44. Kh1 Qf1+ 45. Kh2 Qf2+ 46. Kh1 Qxg3 47. Qf8+ Kg5 48. Qxb4 Qf3+ 49. Kh2 Qf4+ 50. Qxf4+ Kxf4 51. b4 e4 52. b5 e3 53. b6 e2 54. b7 e1=Q 55. b8=Q+ Qe5 56. Qb4+ Kf3+ 57. Kg1 Qg3+ 58. Kf1 Qg2+ 59. Ke1 Qe2# 0-1


[Site "https://www.chess.com"]

[Event "Titled Tuesday Blitz August 15 Late 2023"]
[White "Lysyj, Igor"]
[Black "subham777"]
[WhiteFideId "4150120"]
[WhiteElo "2840"]
[BlackElo "2539"]
[Result "1-0"]
[Round "11"]
[TimeControl "180+1"]
[Date "2023.08.15"]
[WhiteClock "0:00:30"]
[BlackClock "0:00:00"]
[Board "38"]

1. d4 d5 2. c4 e6 3. Nf3 Nf6 4. g3 Be7 5. Bg2 O-O 6. O-O dxc4 7. Na3 Bxa3 8. bxa3 Bd7 9. Ne5 Bc6 10. Nxc6 Nxc6 11. Bb2 Qd6 12. e4 c3 13. Bxc3 Qxa3 14. Qc2 Rad8 15. Rfd1 Nb4 16. Qb3 Qxb3 17. axb3 Nc6 18. d5 exd5 19. exd5 Ne7 20. Bxf6 gxf6 21. Rxa7 Rb8 22. Rc1 c6 23. dxc6 Nxc6 24. Ra4 Ne5 25. Rc7 b5 26. Ra6 Kg7 27. f4 Ng6 28. Bf1 b4 29. Bc4 h5 30. Raa7 Nh8 31. Kg2 Rbd8 32. Rab7 Rd2+ 33. Kh3 h4 34. gxh4 Ng6 35. Rxf7+ Rxf7 36. Rxf7+ Kh6 37. Rxf6 Kg7 38. Rf7+ Kh6 39. h5 Nh8 40. Rf8 Kg7 41. Rg8+ Kh7 42. Rb8 Rc2 43. Rxb4 Kh6 44. Rb8 Kg7 45. Kg3 Rc3+ 46. Kg4 Rc2 47. h4 Rc3 48. Ra8 Rc1 49. Kf5 Nf7 50. Ra7 Kh6 51. Rxf7 Rg1 52. Rb7 Rg3 53. b4 Rg1 54. b5 1-0


[Site "https://www.chess.com"]

[Event "Titled Tuesday Blitz August 15 Late 2023"]
[White "Deng, Henry"]
[Black "Goltsev, Dmitry"]
[WhiteFideId "30965454"]
[BlackFideId "24176710"]
[WhiteElo "2540"]
[BlackElo "2629"]
[Result "0-1"]
[Round "11"]
[TimeControl "180+1"]
[Date "2023.08.15"]
[WhiteClock "0:00:09"]
[BlackClock "0:01:55"]
[Board "39"]

1. e4 e6 2. d4 d5 3. Nd2 c5 4. Ngf3 Nf6 5. exd5 exd5 6. Bb5+ Nc6 7. O-O Be7 8. dxc5 Bxc5 9. Nb3 Bb6 10. c3 O-O 11. Bg5 Bg4 12. Be2 Qd6 13. h3 Bh5 14. Nfd4 Bg6 15. Nxc6 bxc6 16. c4 h6 17. Bxf6 Qxf6 18. cxd5 cxd5 19. Qxd5 Qxb2 20. Bf3 Rad8 21. Qc6 Bd3 22. Qc1 Qf6 23. Re1 Rc8 24. Qa3 Rc2 25. Rf1 Bxf1 26. Rxf1 Qc3 27. Qa4 Rxf2 28. Rxf2 Qe1+ 29. Kh2 Bc7+ 30. g3 Qxf2+ 31. Bg2 Bxg3+ 32. Kh1 Qe1+ 33. Bf1 Qxf1# 0-1


[Site "https://www.chess.com"]